 Dungeon Crawl Stone Soup version 0.29-a0-22-gbf593b16ee (webtiles) character file.

Game seed: 863115441909811090

289 Hasart the Insei (level 6, -7/39 HPs)
             Began as an Octopode Transmuter on Jan 29, 2022.
             Mangled by Pikel (8 damage)
             ... on level 5 of the Dungeon.
             The game lasted 00:08:24 (3824 turns).

Hasart the Insei (Octopode Transmuter)              Turns: 3824, Time: 00:08:25

Health: -7/39      AC:  1    Str:  9    XL:     6   Next: 31%
Magic:  8/10       EV: 17    Int: 18    God:
Gold:   197        SH:  0    Dex: 12    Spells: 4/10 levels left

rFire   . . .      SeeInvis .     - Unarmed
rCold   + . .      Faith    .   (no shield)
rNeg    . . .      Spirit   .   (helmet restricted)
rPois   .          Reflect  .   (no amulet)
rElec   .          Harm     .   r - +4 ring of evasion
rCorr   .          Rampage  .   (no ring)
Will    .....                   (no ring)
Stlth   ++........              (no ring)
HPRegen 0.13/turn               (no ring)
MPRegen 0.12/turn               (no ring)
                                (no ring)
                                (no ring)

@: wereblooded (expiring)
A: almost no armour, amphibious, 8 rings, camouflage 1, gelatinous body 1,
(nimble swimmer 1), tentacles, cold resistance 1, MP-powered wands
a: no special abilities


You were on level 5 of the Dungeon.
You visited 1 branch of the dungeon, and saw 5 of its levels.

You collected 197 gold pieces.

Inventory:

Jewellery
 r - a +4 ring of evasion (left tentacle)
Wands
 i - a wand of polymorph (8)
Scrolls
 a - a scroll of noise {unknown}
 c - 6 scrolls of identify {unknown}
 e - a scroll of fear {unknown}
 f - a scroll of brand weapon {unknown}
 h - a scroll of summoning {unknown}
 k - a scroll of holy word {unknown}
 l - a scroll of magic mapping {unknown}
 p - a scroll of teleportation {unknown}
 q - a scroll of immolation {unknown}
Potions
 b - a potion of curing {unknown}
 d - 2 potions of resistance {unknown}
 g - 2 potions of ambrosia {unknown}
 j - a potion of invisibility {unknown}
 m - a potion of lignification {unknown}
 n - a potion of might {unknown}
 o - 2 potions of mutation


   Skills:
 + Level 2.3 Fighting
 + Level 2.9 Dodging
 * Level 4.5 Unarmed Combat
 + Level 2.9 Spellcasting
 + Level 3.0 Transmutations
 + Level 2.0 Poison Magic


You had 4 spell levels left.
You knew the following spells:

 Your Spells              Type           Power      Damage    Failure   Level
a - Beastly Appendage     Tmut           26%        N/A       4%          1
b - Wereblood             Tmut           13%        N/A       7%          2
c - Spider Form           Tmut/Pois      11%        N/A       17%         3

Your spell library contained the following spells:

 Spells                   Type           Power      Damage    Failure   Level
 Magic Dart               Conj           8%         1d3       17%         1
 Corpse Rot               Necr/Air       4%         N/A       26%         2
 Searing Ray              Conj           4%         2d4       26%         2
 Static Discharge         Conj/Air       2%         N/A       26%         2
 Confusing Touch          Hex            2%         N/A       45%         3
 Stone Arrow              Conj/Erth      4%         3d7       45%         3
 Ice Form                 Ice/Tmut       8%         N/A       65%         4
 Dispel Undead            Necr           2%         3d7       86%         4
 Fulminant Prism          Conj/Hex       1%         3d6       86%         4
 Sticky Flame             Conj/Fire      2%         2d3       86%         4
 Yara's Violent Unravell  Hex/Tmut       4%         3d4       94%         5
 Death Channel            Necr           1%         N/A       100%        6
 Enfeeble                 Hex            1%         N/A       100%        7
 Lehudib's Crystal Spear  Conj/Erth      1%         10d2      100%        8
 Animate Armour           Summ/Erth      Unusable   N/A       N/A         4

Dungeon Overview and Level Annotations

Branches:
Dungeon (5/15)
 Temple: D:4-7

Altars:
Vehumet
The Shining One

Shops:
D:1 !

Annotations:
D:5 Pikel


Innate Abilities, Weirdness & Mutations

You cannot wear most types of armour.
You are amphibious.
You can wear up to eight rings at the same time.
Your skin changes colour to match your surroundings (Stealth+).
Your rubbery body absorbs attacks. (AC +1, EV +1)
((You are camouflaged when in or above water. (Stealth+)))
You have tentacles for arms and can constrict up to eight enemies at once.
Your flesh is cold resistant. (rC+)
You expend magic power (3 MP) to strengthen your wands.


Message History

Pikel is lightly wounded.
You hit Pikel but do no damage.
Pikel looks as sick as possible!
Pikel is lightly wounded.
Pikel closely misses you.
You hit Pikel but do no damage.
Pikel looks as sick as possible!
Pikel is lightly wounded.
Pikel hits you with a +0 whip of freezing.
Pikel freezes you.
You hit Pikel but do no damage.
Pikel looks as sick as possible!
Pikel is moderately wounded.
Pikel completely misses you.
A lemure comes into view.
The lemure shouts!
You hit Pikel.
Pikel is moderately wounded.
Pikel zaps a wand.
Your mind is blasted!
* * * LOW HITPOINT WARNING * * *
You hit Pikel.
Pikel is severely wounded.
Pikel completely misses you.
You hit Pikel.
Pikel is severely wounded.
Your primal bloodlust is almost over.
Pikel zaps a wand.
You barely resist.
Your transformation has ended.
Pikel zaps a wand.
Your mind is blasted!
* * * LOW HITPOINT WARNING * * *
Okay, then.
It was a potion of mutation.
You feel extremely strange.
You feel resistant to cold.
You feel your magical essence link to the dungeon's wands.
You barely miss Pikel. You grab Pikel.
Pikel is almost dead.
You constrict Pikel, but do no damage. Pikel completely misses you.
You tentacle-slap Pikel but do no damage.
You squeeze Pikel, but do no damage.
Pikel is almost dead.
You constrict Pikel, but do no damage.
Pikel hits you with a +0 whip of freezing!
You die...

#.# ###... #.# ......
#5####.######. ####..
#5K........... #..
...#####5###### #..
#5# #.. #.# #..
#.################ #..
#555K@...........###.#
################....##
#####.# ##. #. #. #.
#. #.


You could see Pikel (very poisoned) and 3 lemures.

Vanquished Creatures
  A necrophage (D:5)
  A lemure (D:5)
  A hound (D:4)
  Jessica (D:2)
  A statue (D:3)
  4 adders
  2 worms (D:2)
  3 dart slugs
  4 orcs
  10 bats
  5 endoplasms
  5 giant cockroaches
  8 goblins
  4 hobgoblins
  2 jackals (D:3)
  A kobold (D:2)
  4 quokkas
  5 ball pythons
  4 frilled lizards
  8 rats
74 creatures vanquished.

Notes
Turn   | Place    | Note
-------+----------+-------------------------------------------
     0 | D:1      | Hasart the Octopode Transmuter began the quest for the Orb.
     0 | D:1      | Reached XP level 1. HP: 13/13 MP: 3/3
   360 | D:1      | Reached XP level 2. HP: 11/18 MP: 5/5
   602 | D:1      | Learned a level 2 spell: Wereblood
   808 | D:1      | Reached XP level 3. HP: 23/23 MP: 6/6
   819 | D:1      | Learned a level 3 spell: Spider Form
   851 | D:1      | Found a faded altar of an unknown god.
   881 | D:1      | Found Amny's Distillery.
  1886 | D:2      | Noticed Jessica
  1894 | D:2      | Killed Jessica
  1895 | D:2      | Reached skill level 1 in Poison Magic
  1895 | D:2      | Reached XP level 4. HP: 26/29 MP: 0/7
  2373 | D:3      | Found a glowing golden altar of the Shining One.
  2559 | D:3      | Reached skill level 4 in Unarmed Combat
  2559 | D:3      | Reached XP level 5. HP: 33/34 MP: 8/8
  2746 | D:3      | Found a radiant altar of Vehumet.
  2746 | D:3      | Noticed a charred statue
  2767 | D:3      | Killed a charred statue
  3588 | D:5      | Entered Level 5 of the Dungeon
  3685 | D:5      | Noticed a necrophage
  3700 | D:5      | Killed a necrophage
  3701 | D:5      | Reached XP level 6. HP: 29/39 MP: 4/10
  3794 | D:5      | Noticed Pikel
  3821 | D:5      | HP: 1/39 [disintegration (11)]
  3822 | D:5      | Gained mutation: Your flesh is cold resistant. (rC+)
                  | [potion of mutation]
  3822 | D:5      | Gained mutation: You expend magic power (3 MP) to
                  | strengthen your wands. [potion of mutation]
  3824 | D:5      | Mangled by Pikel

Illustrated notes

Levels and vault maps discovered:
D:1:      nagdon_arrival_zigzag_paths, layout_loops_ring,
          basic_ecumenical_altar, serial_shops, shop
D:2:      layout_loops_cross, uniq_jessica
D:3:      layout_basic, mainiacjoe_overflow_boulevard, vehumet_statue
D:4:      layout_basic, due_unseen_surprise
D:5:      layout_loops_ring, uniq_eustachio, uniq_edmund, uniq_grinder,
          uniq_pikel

Skill      XL: |  1  2  3  4  5 |
---------------+----------------+-----
Poison Magic   | 1 2 |  2.0
Unarmed Combat | 4 |  4.5
Fighting       | 2 |  2.3
Transmutations | 3 |  3.0
Dodging        | |  2.9
Spellcasting   | |  2.9

Action                   |  1- 3 |  4- 6 || total
-------------------------+-------+-------++-------
Melee: Unarmed           |    81 |   122 ||   203
       Constrict         |    20 |    21 ||    41
       Tentacles         |    15 |    27 ||    42
       Punch             |     4 |     1 ||     5
       Kick              |       |     5 ||     5
 Cast: Wereblood         |     1 |     2 ||     3
       Spider Form       |     1 |     2 ||     3
       Beastly Appendage |       |     1 ||     1
  Use: Potion            |       |     1 ||     1
 Stab: Sleeping          |     6 |     6 ||    12
Armor: Skin              |    10 |     8 ||    18
Dodge: Dodged            |    65 |    72 ||   137

Table legend: (Time is in decaauts)
 A = Elapsed time spent in this place.
 B = Non-inter-level travel time spent in this place.
 C = Inter-level travel time spent in this place.
 D = Time resting spent in this place.
 E = Time spent auto-exploring this place.
 F = Levels seen in this place.
 G = Mean time per level.
                   A        B        C        D        E       F      G
               +--------+--------+--------+--------+--------+-----+--------+
         Total |   3807 |   3676 |    131 |    266 |   2852 |   5 |  761.4 |
       Dungeon |   3807 |   3676 |    131 |    266 |   2852 |   5 |  761.4 |
               +--------+--------+--------+--------+--------+-----+--------+

Top non-repeatable levels by time:
     D:1: 1248 daAuts
     D:2: 987 daAuts
     D:3: 801 daAuts
     D:4: 537 daAuts
     D:5: 232 daAuts
